 Dungeon Crawl Stone Soup version 0.30-a0-1008-g30c9307041 (webtiles) character file.

Game seed: 5304640920543819336

2800 Pimp the Covered (level 9, -1/72 HPs)
             Began as a Barachi Fighter on Apr 5, 2023.
             Was a Believer of Cheibriados.
             Slain by a very large slime creature (51 damage)
             ... on level 7 of the Dungeon.
             The game lasted 00:14:48 (5845 turns).

Pimp the Covered (Barachi Fighter)                  Turns: 5845, Time: 00:14:49

Health: -1/72      AC: 11    Str: 27    XL:     9   Next: 71%
Magic:  13/13      EV: 20    Int: 21    God:    Cheibriados [**....]
Gold:   394        SH:  7    Dex: 23    Spells: 11/14 levels left

rFire   . . .      SeeInvis .    z - +8 rapier of Nightmares {freeze, Int+4}
rCold   . . .      Faith    .    c - +0 buckler
rNeg    . . .      Spirit   .    i - +2 ring mail "Ufru" {Rampage Str+3 Dex+4}
rPois   .          Reflect  .    (no helmet)
rElec   .          Rampage  +    v - +0 cloak
rCorr   .                        (no gloves)
Will    .....                    g - +0 pair of boots
Stlth   +                        (no amulet)
HPRegen 0.32/turn                l - +5 ring of evasion
MPRegen 0.13/turn                d - ring of wizardry

@: studying Necromancy, very slow
A: amphibious, slowness 1, strong legs 1, +LOS
a: Hop, Renounce Religion, Bend Time


You were on level 7 of the Dungeon.
You worshipped Cheibriados.
Cheibriados was pleased with you.
You visited 1 branch of the dungeon, and saw 7 of its levels.

You collected 394 gold pieces.

Inventory:

Hand Weapons
 a - a +1 long sword
 m - a +5 spear of venom
 n - a +3 dagger of venom
 q - a +1 dagger of holy wrath
 z - the +8 rapier of Nightmares (weapon) {freeze, Int+4}
   (You found it on level 6 of the Dungeon)

   Int:       It affects your intelligence (+4).
Missiles
 s - 5 poisoned darts
 y - 4 throwing nets
Armour
 b - a +0 scale mail
 c - a +0 buckler (worn)
 g - a +0 pair of boots (worn)
 i - the +2 ring mail "Ufru" (worn) {Rampage Str+3 Dex+4}
   (You found it on level 2 of the Dungeon)

   Str:       It affects your strength (+3).
   Dex:       It affects your dexterity (+4).
   Rampage:   It bestows one free step when moving towards enemies.
   Cheibriados disapproves of the use of such an item.
 u - a +0 pair of boots
 v - a +0 cloak (worn)
Jewellery
 d - a ring of wizardry (right hand)
 l - a +5 ring of evasion (left hand)
 o - a +4 ring of slaying
Wands
 h - a wand of polymorph (13)
 k - a wand of iceblast (3) (quivered)
 t - a wand of light (1)
Scrolls
 p - 2 scrolls of teleportation
 r - a scroll of fog
Potions
 e - 3 potions of lignification
 f - 2 potions of degeneration
 j - 2 potions of flight {unknown}
 w - 5 potions of curing
 x - 2 potions of attraction {unknown}
 B - a potion of brilliance
 C - a potion of might


   Skills:
 + Level 7.1 Fighting
 + Level 6.6 Long Blades
 + Level 7.2 Armour
 + Level 5.4 Dodging
 + Level 6.4 Shields
 + Level 3.2 Spellcasting
 + Level 3.5 Air Magic
 + Level 3.4 Poison Magic


You had 11 spell levels left.
You knew the following spells:

 Your Spells              Type           Power      Damage    Failure   Level
a - Mephitic Cloud        Conj/Pois/Air  13%        N/A       11%         3

Your spell library contained the following spells:

 Spells                   Type           Power      Damage    Failure   Level
 Magic Dart               Conj           12%        1d3       10%         1
 Call Imp                 Summ           3%         N/A       14%         2
 Searing Ray              Conj           6%         2d4       14%         2
 Fulminant Prism          Conj/Hex       1%         3d5       65%         4


Dungeon Overview and Level Annotations

Branches:
Dungeon (7/15)             Temple (0/1) D:6

Altars:
Cheibriados
Gozag
Makhleb
Uskayaw
Wu Jian
Xom

Shops:
D:2 [


Innate Abilities, Weirdness & Mutations

You are amphibious.
You cover ground slowly.
You can hop short distances.
You have an extended range of vision and can be seen from far away.


Message History

Press: ? - help, Q - select action, (/) - cycle Shift-Dir - straight line, f - very large slime creature
Aim: a very large slime creature (lightly wounded)
The mass of ice explodes!
The iceblast engulfs the very large slime creature!
The very large slime creature is lightly wounded.
Aiming: Iceblast
Press: ? - help, Q - select action, (/) - cycle Shift-Dir - straight line, f/p - very large slime creature
Aim: a very large slime creature (lightly wounded)
The mass of ice explodes!
The iceblast engulfs the very large slime creature!
The very large slime creature is lightly wounded.
Aiming: Iceblast
Press: ? - help, Q - select action, (/) - cycle Shift-Dir - straight line, f/p - very large slime creature
Aim: a very large slime creature (lightly wounded)
The mass of ice explodes!
The iceblast engulfs the very large slime creature!
The very large slime creature is moderately wounded.
Aiming: Iceblast
Press: ? - help, Q - select action, (/) - cycle Shift-Dir - straight line, f - slime creature
Aim: a slime creature (moderately wounded)
The mass of ice explodes!
The iceblast engulfs the slime creature!!
The slime creature is heavily wounded.
Two slime creatures merge to form a large slime creature.
The large slime creature hits you!!
You puncture the large slime creature! You freeze the large slime creature.
The large slime creature is heavily wounded.
Two slime creatures merge to form a very large slime creature.
The very large slime creature attacks as you move away!
You block the very large slime creature's attack.
You hit the very large slime creature.
You freeze the very large slime creature.
The very large slime creature is heavily wounded.
The very large slime creature closely misses you.
You puncture the very large slime creature!
You freeze the very large slime creature.
The very large slime creature is heavily wounded.
The very large slime creature hits you!!!
Ouch! That really hurt!
You die...

# ##...## ### ##.##
..# #.# #.# #.# #.#
#.# #.# #.# #.# #.#
#<###### #.# #.#
.......###########.#
#.#
#...)...........@J.#
#.#
######..##########.#
#.# .# #.# #.# #.#
#.# #.#######.#
#.........#
###########


You could see a very large slime creature.

Vanquished Creatures
  Grinder (D:3)
  Sigmund (D:6)
  The ghost of bchevrier the Shield-Bearer, an amateur GnWn (D:3)
  A steam dragon (D:5)
  Duvessa (D:5)
  An ogre (D:6)
  A centaur (D:6)
  3 phantoms
  Blork the orc (D:5)
  2 kobold brigands (D:4)
  A gnoll sergeant (D:6)
  A scorpion (D:5)
  3 water moccasin zombies (D:5)
  Dowan (D:5)
  6 killer bees (D:7)
  A crimson imp (D:6)
  A hound (D:6)
  A centaur zombie (D:5)
  A jelly (D:6)
  A sleepcap (D:5)
  2 gnoll boudas
  7 iguanas
  An orc wizard (D:7)
  Robin (D:4)
  12 adders
  20 gnolls
  2 shadow imps (D:6)
  3 white imps
  4 worms
  2 dart slugs
  12 orcs
  10 endoplasms
  5 giant cockroaches
  15 goblins
  7 hobgoblins
  6 jackals (D:3)
  3 quokkas
  10 ball pythons
  4 bats
  2 frilled lizards
  12 kobolds
  4 rats
174 creatures vanquished.

Vanquished Creatures (others)
  A howler monkey (D:5)
  6 plants (D:3)
  A withered plant (D:5)
8 creatures vanquished.

Grand Total: 182 creatures vanquished

Notes
Turn   | Place    | Note
-------+----------+-------------------------------------------
     0 | D:1      | Pimp the Barachi Fighter began the quest for the Orb.
     0 | D:1      | Reached XP level 1. HP: 18/18 MP: 1/1
   146 | D:1      | Reached XP level 2. HP: 19/25 MP: 2/2
   315 | D:1      | Reached skill level 1 in Dodging
   368 | D:1      | Reached XP level 3. HP: 30/30 MP: 3/3
   884 | D:2      | Identified the +2 ring mail "Ufru" {Rampage Str+3 Dex+4}
   963 | D:2      | Found Uliakhlaok's Antique Armour Shop.
  1131 | D:2      | Reached XP level 4. HP: 37/37 MP: 4/4
  1579 | D:3      | Found a transporter.
  1588 | D:3      | Noticed bchevrier's ghost (amateur GnWn)
  1687 | D:3      | Found a transporter.
  1828 | D:3      | Noticed Grinder
  1867 | D:3      | Killed Grinder
  1868 | D:3      | Reached XP level 5. HP: 28/43 MP: 5/5
  1868 | D:3      | Reached XP level 6. HP: 33/50 MP: 6/6
  2257 | D:3      | Reached skill level 5 in Armour
  2264 | D:3      | Reached skill level 5 in Fighting
  2352 | D:3      | Killed bchevrier's ghost
  2353 | D:3      | Reached XP level 7. HP: 36/56 MP: 7/7
  2483 | D:4      | Found a snail-covered altar of Cheibriados.
  2488 | D:4      | Became a worshipper of Cheibriados the Contemplative
  2488 | D:4      | Noticed Robin
  2525 | D:4      | Killed Robin
  2549 | D:4      | Reached skill level 5 in Shields
  2762 | D:4      | Reached skill level 5 in Long Blades
  2974 | D:4      | Learned a level 3 spell: Mephitic Cloud
  3045 | D:4      | Reached XP level 8. HP: 43/64 MP: 7/9
  3494 | D:4      | Reached skill level 1 in Poison Magic
  3697 | D:5      | Entered Level 5 of the Dungeon
  3714 | D:5      | Reached skill level 1 in Spellcasting
  3714 | D:5      | Reached skill level 1 in Air Magic
  4016 | D:5      | Reached * piety under Cheibriados
  4178 | D:5      | Noticed Blork the orc
  4189 | D:5      | Killed Blork the orc
  4422 | D:5      | Found an ornate altar of the Wu Jian Council.
  4422 | D:5      | Found a hide-covered altar of Uskayaw.
  4476 | D:5      | Noticed Duvessa
  4476 | D:5      | Noticed Dowan
  4486 | D:5      | Killed Duvessa
  4487 | D:5      | Reached XP level 9. HP: 71/71 MP: 12/12
  4491 | D:5      | Killed Dowan
  4644 | D:6      | Found a staircase to the Ecumenical Temple.
  5151 | D:6      | Reached skill level 5 in Dodging
  5153 | D:6      | Reached ** piety under Cheibriados
  5304 | D:6      | Identified the +8 rapier of Nightmares {freeze, Int+4}
  5420 | D:6      | Found a burning altar of Makhleb.
  5420 | D:6      | Found a shimmering altar of Xom.
  5434 | D:6      | Noticed Sigmund
  5441 | D:6      | Killed Sigmund
  5720 | D:7      | Found an opulent altar of Gozag.
  5845 | D:7      | Slain by a very large slime creature

Illustrated notes

Levels and vault maps discovered:
D:1:      psy_arrival_spokes, layout_loops_ring
D:2:      layout_basic, serial_shops, shop
D:3:      layout_basic, gammafunk_ghost_gnarly_gnolls, uniq_grinder
D:4:      cheibrodos_thug_alley, layout_basic, lemuel_crystal_altar, uniq_robin
D:5:      layout_loops_ring, gammafunk_temple_overflow_wave, serial_undead,
          serial_undead_c, serial_undead_c, serial_undead_a, serial_undead_b,
          uniq_duvessa, uniq_blork_the_orc
D:6:      layout_loops_cross, grunt_temple_overflow_champion_of_chaos,
          minmay_temple_entry_sparse_star, uniq_sigmund
D:7:      lemuel_ice_statue, layout_loops_ring, lemuel_round_altar,
          uniq_menkaure

Skill      XL: |  1  2  3  4  5  6  7  8  9 |
---------------+----------------------------+-----
Dodging        | 1 2 3 4 5 |  5.4
Armour         | 4 5 6 7 |  7.2
Fighting       | 4 5 6 7 |  7.1
Long Blades    | 3 4 5 6 |  6.6
Shields        | 4 5 6 |  6.4
Poison Magic   | 2 3 |  3.4
Spellcasting   | 2 3 |  3.2
Air Magic      | 2 3 |  3.5

Action                     |  1- 3 |  4- 6 |  7- 9 || total
---------------------------+-------+-------+-------++-------
  Melee: Long sword        |   115 |     7 |       ||   122
         Dagger            |       |   142 |       ||   142
         Unarmed           |       |     6 |       ||     6
         Spear             |       |       |   304 ||   304
         Rapier            |       |       |    50 ||    50
  Evoke: Wand              |       |       |     5 ||     5
    Use: Scroll            |       |     9 |     3 ||    12
         Potion            |       |     2 |       ||     2
 Armour: Scale mail        |    59 |       |       ||    59
         Ring mail         |     6 |    34 |    95 ||   135
         Skin              |       |     3 |       ||     3
  Dodge: Dodged            |    72 |    94 |   293 ||   459
  Block: Buckler           |    38 |    34 |   137 ||   209

Table legend: (Time is in decaauts)
 A = Elapsed time spent in this place.
 B = Non-inter-level travel time spent in this place.
 C = Inter-level travel time spent in this place.
 D = Time resting spent in this place.
 E = Time spent auto-exploring this place.
 F = Levels seen in this place.
 G = Mean time per level.
                   A        B        C        D        E       F      G
               +--------+--------+--------+--------+--------+-----+--------+
         Total |   7665 |   7229 |    436 |    259 |   5343 |   7 | 1095.0 |
       Dungeon |   7665 |   7229 |    436 |    259 |   5343 |   7 | 1095.0 |
               +--------+--------+--------+--------+--------+-----+--------+

Top non-repeatable levels by time:
     D:4: 1676 daAuts
     D:6: 1480 daAuts
     D:5: 1258 daAuts
     D:3: 1078 daAuts
     D:1: 1013 daAuts
     D:2: 798 daAuts
     D:7: 361 daAuts
